AoeStats
← 沒起房子我日

Nomad

507382654Analyzed
4v4 RM · 14d ago on Sep 18, 2026· 25m 32s· 8 players
Game mode
Random Map
Map size
231×231
Population
200
Speed
Normal
Resources
Standard
Victory
Conquest
Starting age
Dark Age
Ending age
Imperial Age
RankedLock teamsTeams togetherTeam positionsShared explorationLock speedFull tech treeHidden civsTurbo modeCheats
Victory
Defeat
🇦🇷 Lithuanians · Argentina
1594
+9
🇦🇷 Koreans · Argentina
1548
+11
🇦🇷 Burmese · Argentina
1444
+15
🇺🇾 Japanese · Uruguay
1346
+20
🇨🇦 Berbers · Canada
1487
-16
🇻🇪 Persians · Venezuela
1434
-14
🇹🇼 Vietnamese · Taiwan
1424
-13
🇵🇪 Huns · Peru
1380
-12
sfcwallace
9:49 Loom
13:59 Feudal Age
18:08 Castle Age
16:49 Double-Bit Axe
17:13 Fletching
19:20 Bodkin Arrow
24:57 Bow Saw
Comend x comend
4:40 Loom
14:28 Feudal Age
15:38 Double-Bit Axe
27:07 Castle Age
沒起房子我日
14:23 Feudal Age
14:13 Loom
18:44 Castle Age
16:48 Fishing Lines
16:56 Double-Bit Axe
18:21 Scale Barding Armor
18:04 Horse Collar
18:17 Gold Mining
18:27 Town Watch
19:51 Wheelbarrow
19:27 Forging
19:42 Medium Warships
19:03 Light Cavalry
21:05 Bow Saw
24:35 Hand Cart
24:41 Heavy Plow
25:18 Stone Mining
AG_Overrated
3:49 Loom
14:22 Feudal Age
15:10 Double-Bit Axe
15:42 Horse Collar
23:04 Castle Age
22:08 Gold Mining
23:50 Scale Barding Armor
23:55 Forging
23:47 Fletching
PNAL | Diego Rodriguez
7:23 Loom
12:55 Feudal Age
15:39 Double-Bit Axe
19:11 Castle Age
17:07 Fishing Lines
17:31 Gold Mining
18:22 Town Watch
__127_Monchito008_Arg
4:39 Loom
13:30 Feudal Age
17:57 Castle Age
15:50 Gold Mining
20:16 Sanctity
20:55 Redemption
Revvv
6:56 Loom
12:01 Feudal Age
13:15 Double-Bit Axe
18:01 Fishing Lines
23:38 Castle Age
22:11 Gold Mining
23:30 Stone Mining
24:42 Wheelbarrow
24:48 Medium Warships
25:52 Town Watch
__92_Deimos_Arg
6:26 Loom
12:29 Feudal Age
12:59 Double-Bit Axe
16:18 Fishing Lines
19:21 Castle Age
17:23 Horse Collar
17:58 Forging
20:12 Medium Warships
20:14 Bow Saw
20:47 Iron Casting
22:19 Gillnets
24:08 Scale Barding Armor
25:25 Wheelbarrow
Connection lost

Rejoining the realm…

Still unreachable

The connection could not be restored.

Session expired

The server has moved on; the page needs a fresh start.